AoeStats
← xXxDstroyxXx

Four Lakes

510041538Analyzed
1v1 RM · 2d ago on Sep 29, 2026· 46m 6s· 2 players
Game mode
Random Map
Map size
Tiny (2 player)
Population
200
Speed
Normal
Resources
Standard
Victory
Conquest
Starting age
Dark Age
Ending age
Imperial Age
RankedLock teamsTeams togetherTeam positionsShared explorationLock speedFull tech treeHidden civsTurbo modeCheats
Victory
Defeat
🇹🇼 Varangians · Taiwan
1671
+18
🇨🇴 Vietnamese · Colombia
1725
-18
zzzz123
10:29 Feudal Age
10:30 Man-at-Arms
10:59 Loom
11:01 Double-Bit Axe
15:54 Fishing Lines
18:16 Castle Age
16:26 Fletching
17:57 Padded Archer Armor
18:54 Bodkin Arrow
19:12 Bow Saw
19:07 Gillnets
25:04 Elite Skirmisher
26:00 Gold Mining
26:31 Caravan
27:16 Leather Archer Armor
27:28 Ballistics
29:33 Wheelbarrow
32:03 Imperial Age
30:12 Wheelbarrow
30:22 Forging
31:22 Stone Mining
33:02 Bracer
34:28 Chemistry
34:18 Treadmill Crane
38:14 Scale Barding Armor
39:42 Ring Archer Armor
41:04 Stone Shaft Mining
41:18 Forging
41:52 Chain Barding Armor
42:44 Bloodlines
43:05 Horse Collar
44:38 Iron Casting
45:02 Plate Barding Armor
45:33 Gambesons
45:53 Husbandry
xXxDstroyxXx
7:03 Loom
9:40 Feudal Age
10:08 Double-Bit Axe
10:24 Gold Mining
15:41 Horse Collar
16:11 Fletching
16:21 Padded Archer Armor
21:13 Castle Age
21:24 Bloodlines
21:53 Bodkin Arrow
21:35 Crossbowman
23:19 Bow Saw
24:41 Leather Archer Armor
25:18 Husbandry
26:26 Wheelbarrow
27:26 Ballistics
35:26 Imperial Age
36:11 Thumb Ring
37:43 Bracer
39:50 Stone Mining
39:56 Light Cavalry
46:17 Two-Man Saw
46:24 Chemistry
Connection lost

Rejoining the realm…

Still unreachable

The connection could not be restored.

Session expired

The server has moved on; the page needs a fresh start.